 Dungeon Crawl Stone Soup version 0.29-a0-982-gaed3a0c8d8 (webtiles) character file.

Game seed: 13194295850078522762

483 enile the Trooper (level 6, -1/54 HPs)
             Began as a Palentonga Fighter on Aug 2, 2022.
             Was a Follower of the Shining One.
             Slain by Pikel
             ... wielding a +0 whip of freezing
              (3 damage)
             ... on level 4 of the Dungeon.
             The game lasted 00:06:24 (3634 turns).

enile the Trooper (Palentonga Fighter)              Turns: 3634, Time: 00:06:24

Health: -1/54      AC:  7    Str: 27    XL:     6   Next: 88%
Magic:  7/7        EV:  8    Int:  8    God:    the Shining One [*.....]
Gold:   268        SH:  4    Dex: 10    Spells: 5/5 levels left

rFire   . . .      SeeInvis +   m - +0 morningstar
rCold   . . .      Faith    .   c - +0 buckler
rNeg    . . .      Spirit   .   b - +0 scale mail
rPois   .          Reflect  .   (no helmet)
rElec   .          Harm     .   h - scarf {repulsion}
rCorr   .          Rampage  .   (no gloves)
Will    .....                   (no barding)
Stlth   ..........              (no amulet)
HPRegen 0.18/turn               j - +6 ring of strength
MPRegen 0.10/turn               (no ring)

@: mighty, glowing, repel missiles
A: large, rugged brown scales 3, see invisible, deformed body, roll 1, armoured
tail
a: Rolling Charge, Renounce Religion, Divine Shield


You were on level 4 of the Dungeon.
You worshipped the Shining One.
The Shining One was aware of your devotion.
You visited 1 branch of the dungeon, and saw 4 of its levels.

You collected 268 gold pieces.

Inventory:

Hand Weapons
 a - a +0 war axe
 i - a +2 dagger of venom
 k - a +0 dagger
 m - a +0 morningstar (weapon)
Armour
 b - a +0 scale mail (worn)
 c - a +0 buckler (worn)
 h - a scarf of repulsion (worn)
Jewellery
 j - a +6 ring of strength (left hand)
Scrolls
 f - a scroll of amnesia
 l - a scroll of identify {unknown}
 o - a scroll of teleportation {unknown}
 p - 2 scrolls of immolation {unknown}
Potions
 d - a potion of might
 e - a potion of flight {unknown}
 n - a potion of lignification {unknown}


   Skills:
 - Level 5.0 Fighting
 - Level 2.7 Axes
 + Level 0.3(1.7) Maces & Flails
 - Level 4.0 Armour
 - Level 2.0 Dodging
 - Level 3.2 Shields
 - Level 2.1 Invocations


You had 5 spell levels left.
You didn't know any spells.
Your spell library contained the following spells:

 Spells                   Type           Power      Damage    Failure   Level
 Necrotise                Necr           0%         1d4       75%         1
 Vampiric Draining        Necr           0%         2d6       98%         3
 Agony                    Necr           0%         N/A       100%        5
 Dispersal                Tloc           0%         N/A       100%        6
 Disjunction              Tloc           0%         N/A       100%        8


Dungeon Overview and Level Annotations

Branches:
Dungeon (4/15)             Temple (0/1) D:4

Altars:
The Shining One

Shops:
D:2 [

Annotations:
D:4 Pikel


Innate Abilities, Weirdness & Mutations

You are completely covered in rugged brown scales. (AC +3, +7% HP)
You have supernaturally acute eyesight. (SInv)
Armour fits poorly on your strangely shaped body.
You can roll at nearby foes to attack.
You have a long armoured tail.


Message History

* * * LOW HITPOINT WARNING * * *
An orc comes into view. It is wielding a +0 club.
You feel better.
The orc shouts!
You hear a shout!
Pikel hits you with a +0 whip of freezing.
Pikel freezes you.
You feel better. Pikel closely misses you.
You sock Pikel!
Pikel is moderately wounded.
Pikel hits you but does no damage.
You barely miss Pikel. You tail-slap Pikel!
Pikel is heavily wounded.
Pikel hits you with a +0 whip of freezing.
Pikel freezes you. Pikel hits you but does no damage.
An orc comes into view. It is wielding a +0 short sword.
You barely miss Pikel.
Pikel is heavily wounded.
You block Pikel's attack.
You barely miss Pikel.
Pikel is heavily wounded.
Pikel hits you with a +0 whip of freezing.
Pikel freezes you.
Pikel hits you with a +0 whip of freezing.
Pikel freezes you.
You puncture Pikel!
Pikel is almost dead.
Pikel hits you with a +0 whip of freezing.
* * * LOW HITPOINT WARNING * * *
Pikel freezes you.
* * * LOW HITPOINT WARNING * * *
You hit Pikel.
Pikel is almost dead.
Pikel hits you with a +0 whip of freezing.
* * * LOW HITPOINT WARNING * * *
Pikel freezes you.
* * * LOW HITPOINT WARNING * * *
Pikel hits you with a +0 whip of freezing!
* * * LOW HITPOINT WARNING * * *
Pikel freezes you.
You die...

# #. #.##### # #.....#
####.## #.....# .......
#.#.....#######K......
..............@K55.....
.#.#.........###55.....
#.#.......# .o.....
#.#.......# ....... #
#.......###.......
#.#.....(...#.......
#.#.##...##.#.......
#...##...##.#.......
#...........#


You could see Pikel, 4 lemures, an orc and a kobold.

Vanquished Creatures
  Grinder (D:3)
  A howler monkey (D:4)
  An orc priest (D:3)
  A jelly (D:4)
  3 orc wizards
  An iguana (D:4)
  2 adders
  2 dart slugs
  14 orcs
  5 ball pythons
  7 endoplasms
  5 goblins
  3 hobgoblins (D:1)
  3 quokkas
  7 bats
  2 frilled lizards
  5 kobolds
  8 rats
71 creatures vanquished.

Notes
Turn   | Place    | Note
-------+----------+-------------------------------------------
     0 | D:1      | enile the Palentonga Fighter began the quest for the Orb.
     0 | D:1      | Reached XP level 1. HP: 19/19 MP: 1/1
   229 | D:1      | Reached XP level 2. HP: 25/25 MP: 2/2
   651 | D:1      | Reached XP level 3. HP: 27/31 MP: 3/3
   785 | D:1      | Found a faded altar of an unknown god.
  1143 | D:1      | Prayed at the altar of an unknown god.
  1143 | D:1      | Became a worshipper of the Shining One
  1143 | D:1      | Reached * piety under the Shining One
  1198 | D:2      | Found Huddorch's Antique Armour Shoppe.
  1826 | D:3      | Reached XP level 4. HP: 28/37 MP: 4/4
  1834 | D:3      | Reached skill level 1 in Dodging
  2519 | D:3      | Noticed Grinder
  2526 | D:3      | Killed Grinder
  2527 | D:3      | Reached skill level 4 in Fighting
  2527 | D:3      | Reached XP level 5. HP: 35/44 MP: 5/5
  2527 | D:3      | Reached XP level 6. HP: 41/51 MP: 6/6
  3436 | D:4      | Reached skill level 5 in Fighting
  3539 | D:4      | Reached skill level 1 in Invocations
  3578 | D:4      | Found a staircase to the Ecumenical Temple.
  3622 | D:4      | Noticed Pikel
  3634 | D:4      | HP: 2/54 [Pikel/+0 whip of freezing (7)]
  3634 | D:4      | Slain by Pikel

Illustrated notes

Levels and vault maps discovered:
D:1:      psy_arrival_heroes, layout_basic, basic_ecumenical_altar,
          minmay_misc_feat_enclosed, minmay_tetromino_i2
D:2:      layout_basic, basic_altar, serial_shops, nicolae_shop_hallway_plus
D:3:      minmay_razor_zed, layout_basic, uniq_grinder
D:4:      layout_basic, minmay_temple_entry_stoned_glass, serial_shops,
          shop_statue, uniq_pikel

Skill      XL: |  1  2  3  4  5  6 |
---------------+-------------------+-----
Shields        | 3 |  3.2
Dodging        | 2 |  2.0
Armour         | 4 |  4.0
Fighting       | 4 5 |  5.0
Invocations    | 2 |  2.1
Axes           | |  2.7
Maces & Flails | |  0.3

Action                   |  1- 3 |  4- 6 || total
-------------------------+-------+-------++-------
Melee: War axe           |    83 |     6 ||    89
       Tailslap          |     5 |    15 ||    20
       Dagger            |       |    49 ||    49
       Morningstar       |       |    51 ||    51
Invok: Divine Shield     |       |     1 ||     1
 Abil: Rolling Charge    |    10 |     8 ||    18
  Use: Scroll            |     3 |       ||     3
       Potion            |       |     6 ||     6
Armor: Scale mail        |    49 |    29 ||    78
Dodge: Dodged            |    35 |    32 ||    67
       Repelled          |       |     1 ||     1
Block: Buckler           |    18 |    30 ||    48

Table legend: (Time is in decaauts)
 A = Elapsed time spent in this place.
 B = Non-inter-level travel time spent in this place.
 C = Inter-level travel time spent in this place.
 D = Time resting spent in this place.
 E = Time spent auto-exploring this place.
 F = Levels seen in this place.
 G = Mean time per level.
                   A        B        C        D        E       F      G
               +--------+--------+--------+--------+--------+-----+--------+
         Total |   3694 |   3482 |    212 |    414 |   2549 |   4 |  923.5 |
       Dungeon |   3694 |   3482 |    212 |    414 |   2549 |   4 |  923.5 |
               +--------+--------+--------+--------+--------+-----+--------+

Top non-repeatable levels by time:
     D:3: 1666 daAuts
     D:1: 1232 daAuts
     D:2: 477 daAuts
     D:4: 318 daAuts
